 Dungeon Crawl Stone Soup version 0.21.1-1-g345015f (webtiles) character file.

65 Monsterracer the Insei (level 4, 0/29 HPs)
             Began as an Octopode Transmuter on Feb 15, 2018.
             Killed from afar by Ijyb (27 damage)
             ... with a wand of acid (11)
             ... on level 2 of the Dungeon.
             The game lasted 00:01:20 (1772 turns).

Monsterracer the Insei (Octopode Transmuter)        Turns: 1772, Time: 00:01:20

Health: 0/29       AC:  1    Str:  9    XL:     4   Next: 14%
Magic:  7/7        EV: 13    Int: 16    God:
Gold:   85         SH:  0    Dex: 12    Spells: 1/7 levels left

rFire    . . .     SeeInvis .     - Unarmed
rCold    + . .     Gourm    .   (no shield)
rNeg     . . .     Faith    .   (helmet restricted)
rPois    .         Spirit   .   (no amulet)
rElec    .         Reflect  .   n - ring of protection from cold {!d}
rCorr    .         Harm     .   (no ring)
MR       .....                  (no ring)
Stlth    +++.......             (no ring)
HPRegen  0.09/turn              (no ring)
MPRegen  0.10/turn              (no ring)
                                (no ring)
                                (no ring)

@: no status effects
A: almost no armour, stealthy swim, amphibious, 8 rings, constrict 8, camouflage
1, gelatinous body 1
a: no special abilities


You were on level 2 of the Dungeon.
You were not hungry.

You visited 1 branch of the dungeon, and saw 2 of its levels.

You collected 85 gold pieces.

Inventory:

Missiles
 a - 55 arrows
Jewellery
 n - a ring of protection from cold (left tentacle) {!d}
Scrolls
 e - 3 scrolls of remove curse {unknown}
 f - 2 scrolls of enchant armour {unknown}
 i - a scroll of blinking {unknown}
 k - a scroll of teleportation {unknown}
 l - a scroll of amnesia {unknown}
 m - 3 scrolls of identify {unknown}
Potions
 d - a potion of lignification {unknown}
 g - a potion of flight {unknown}
 h - a potion of haste {unknown}
 j - a potion of curing {unknown}
 o - a potion of cancellation {unknown}
Books
 b - a book of Changes

   Spells                             Type                      Level
   a - Beastly Appendage              Transmutation                1
   b - Sticks to Snakes               Transmutation                2
   c - Spider Form                    Transmutation/Poison         3
   d - Ice Form                       Ice/Transmutation            4
   e - Blade Hands                    Transmutation                5
Comestibles
 c - 6 rations


   Skills:
 + Level 1.7 Fighting
 + Level 2.4 Dodging
 + Level 1.8 Stealth
 * Level 3.7 Unarmed Combat
 - Level 2.0 Spellcasting
 + Level 2.4 Transmutations


You had one spell level left.
You knew the following spells:

 Your Spells              Type           Power        Failure   Level  Hunger
a - Beastly Appendage     Tmut           #.....       8%          1    #......
b - Sticks to Snakes      Tmut           #.......     12%         2    ###....
c - Spider Form           Tmut/Pois      #.........   36%         3    ###....


Dungeon Overview and Level Annotations

Branches:
Dungeon (2/15)

Altars:

Annotations:
D:2 Ijyb


Innate Abilities, Weirdness & Mutations

You cannot wear most types of armour.
You are very stealthy in the water. (Stealth+)
You are amphibious.
You can wear up to eight rings at the same time.
You can use your tentacles to constrict eight enemies at once.
Your skin changes colour to match your surroundings (Stealth+).
Your rubbery body absorbs attacks. (AC +1, EV +1)


Message History

No target in view!
No target in view!
A frilled lizard comes into view.
A frilled lizard is nearby!
Found a stone staircase leading up.
The helpless frilled lizard fails to defend itself.
You tentacle-slap the frilled lizard.
You kill the frilled lizard!
No target in view!
You see here a frilled lizard corpse.
There is a stone staircase leading up here.
l - a scroll labeled ORHETU OLUZEPH You see here a frilled lizard corpse.
Found a robe.
No target in view!
There is a stone staircase leading down here.
Key pressed, stopping explore.
No target in view!
No target in view!
A rat comes into view.
A rat is nearby!
The helpless rat fails to defend itself.
You tentacle-slap the rat.
You kill the rat!
Health restored: 29 Key pressed, stopping explore.
No target in view!
You open the door.
There is an open door here.
You open the door.
There is an open door here.
A frilled lizard comes into view.
The frilled lizard hisses angrily.
A frilled lizard is nearby!
A frilled lizard is nearby!
The frilled lizard unfolds its giant frill.
The frilled lizard closely misses you.
A frilled lizard is nearby!
You barely miss the frilled lizard. Your grab misses the frilled lizard.
Your squeeze misses the frilled lizard. The frilled lizard closely misses you.
You tentacle-slap the frilled lizard.
You kill the frilled lizard!
You see here a frilled lizard corpse.
You open the door.
There is an open door here.
You are feeling hungry.
No target in view!
There is an open door here.
You butcher the frilled lizard corpse.
p - a chunk of flesh Eating a chunk of flesh.
You eat the chunk of flesh.
This raw flesh tastes terrible. 2 goblins and a hobgoblin come into view. 4 goblins come into view.
The goblin shouts! x4
Found 11 sling bullets.
Ijyb the Twisted Goblin comes into view.
She is wielding a club.
There are monsters nearby!
There are monsters nearby!
You bludgeon the hobgoblin!
You kill the hobgoblin!
The goblin barely misses you.
Things that are here:
a club; a hobgoblin corpse You closely miss the goblin.
Your grab misses the goblin. The goblin hits you with a dagger.
You take 2 damage, and have 27/29 hp.
You tentacle-slap the goblin. Your grab misses the goblin.
The goblin is almost dead.
The goblin completely misses you.
You tentacle-slap the goblin.
You kill the goblin!
You barely miss the goblin. Your grab misses the goblin. The goblin hits you.
You take 1 damage, and have 26/29 hp.
You miss the goblin. Your grab misses the goblin.
You tentacle-slap the goblin but do no damage.
You grab the goblin.
You kill the goblin!
The goblin wields a hunting sling.
The goblin shoots a stone.
The stone barely misses you.
You completely miss the goblin. You grab the goblin. You squeeze the goblin.
The goblin is moderately wounded.
You constrict the goblin. The goblin barely misses you.
You tentacle-slap the goblin.
You kill the goblin!
The goblin shoots a stone.
The stone closely misses you. Ijyb barely misses you.
The goblin unwields an uncursed hunting sling.
The goblin hits you but does no damage.
Items here: ))) ††† You tentacle-slap the goblin.
You grab the goblin.
The goblin is moderately wounded.
You constrict the goblin. Ijyb hits you but does no damage.
You tentacle-slap Ijyb but do no damage.
Your grab misses Ijyb.
Your tentacle-slap misses Ijyb.
You squeeze Ijyb.
Ijyb is moderately wounded.
You constrict the goblin. The goblin completely misses you.
Ijyb zaps a wand.
The bolt of acid hits you!
Ouch! That really hurt!
You die...

..#...........#######..#########.
..+..............................
..#+#..#####.########...#####.[.#
.......# #.# ####.......'...'
.......# #.# #......#####...#
.......# #.# ###......# ###.#
......... #.# #(.......# #.#
......... +..# #.####+#.# #.#
.....#... #### #@## #.# #.#
.......## #gg# #.. ... ########
8g8.8.8..# ##.# #.. .........# .
g.g......# .........# #######
g........# ......# .........#
......# 8.8.8.8.(#


You could see Ijyb and a goblin.

Vanquished Creatures
  An adder (D:2)
  5 dart slugs (D:1)
  2 giant cockroaches
  9 goblins
  6 hobgoblins
  A quokka (D:2)
  2 ball pythons (D:1)
  6 bats
  5 frilled lizards
  5 kobolds
  4 rats
46 creatures vanquished.

Notes
Turn   | Place    | Note
-------+----------+-------------------------------------------
     0 | D:1      | Monsterracer the Octopode Transmuter began the quest for the Orb.
     0 | D:1      | Reached XP level 1. HP: 13/13 MP: 3/3
   181 | D:1      | Reached XP level 2. HP: 18/18 MP: 5/5
   319 | D:1      | HP: 9/18 [goblin (2)]
   325 | D:1      | HP: 8/18 [rat (1)]
   329 | D:1      | Reached skill level 1 in Stealth
   330 | D:1      | HP: 4/18 [bat (1)]
   642 | D:1      | Reached XP level 3. HP: 21/23 MP: 6/6
   650 | D:1      | Learned a level 2 spell: Sticks to Snakes
   654 | D:1      | Learned a level 3 spell: Spider Form
  1577 | D:2      | Reached XP level 4. HP: 28/28 MP: 7/7
  1754 | D:2      | Noticed Ijyb
  1772 | D:2      | Killed from afar by Ijyb

Skill      XL: |  1  2 |
---------------+-------+-----
Stealth        | 1 |  1.8
Fighting       | |  1.7
Dodging        | |  2.4
Unarmed Combat | |  3.7
Spellcasting   | |  2.0
Transmutations | |  2.4

Action                   |  1- 3 |  4- 6 || total
-------------------------+-------+-------++-------
Melee: Unarmed           |    75 |    15 ||    90
       Constrict         |    27 |     3 ||    30
       Tentacles         |    13 |     3 ||    16
       Punch             |     1 |       ||     1
 Stab: Sleeping          |    11 |     2 ||    13
  Eat: Chunk             |     2 |     1 ||     3
Armor: Skin              |     9 |     2 ||    11
Dodge: Dodged            |    32 |     9 ||    41

Vault maps used:
D:1:      dpeg_arrival_boxorama, minmay_vboxes
D:2:      kennysheep_the_goblin_king
